 Dungeon Crawl Stone Soup version 0.29-a0-352-g0917bc69df (webtiles) character file.

Game seed: 14783925363527429548

37 siradein the Bolt Thrower (level 3, -2/22 HPs)
             Began as a Kobold Hunter on Apr 25, 2022.
             Slain by Terence
             ... wielding a +0 hand axe
              (3 damage)
             ... on level 2 of the Dungeon.
             The game lasted 00:04:43 (1270 turns).

siradein the Bolt Thrower (Kobold Hunter)           Turns: 1270, Time: 00:04:44

Health: -2/22      AC:  3    Str:  8    XL:     3   Next: 60%
Magic:  3/3        EV: 15    Int: 10    God:
Gold:   136        SH:  0    Dex: 20    Spells: 2/2 levels left

rFire   . . .      SeeInvis .   a - +1 hand crossbow
rCold   . . .      Faith    .   (no shield)
rNeg    . . .      Spirit   .   b - +0 leather armour
rPois   .          Reflect  .   (no helmet)
rElec   .          Harm     .   (no cloak)
rCorr   .          Rampage  .   (no gloves)
Will    .....                   (no boots)
Stlth   +++.......              (no amulet)
HPRegen 0.07/turn               (no ring)
MPRegen 0.08/turn               (no ring)

@: no status effects
A: small, no large weapons, nightstalker 3
a: no special abilities


You were on level 2 of the Dungeon.
You visited 1 branch of the dungeon, and saw 2 of its levels.

You collected 136 gold pieces.

Inventory:

Hand Weapons
 a - a +1 hand crossbow (weapon)
Armour
 b - a +0 leather armour (worn)
Scrolls
 c - 2 scrolls of immolation
 e - a scroll of vulnerability {unknown}
 g - a scroll of teleportation {unknown}
 i - a scroll of identify {unknown}
 j - a scroll of amnesia {unknown}
Potions
 d - a potion of lignification {unknown}
 f - a potion of flight {unknown}
 h - a potion of might {unknown}


   Skills:
 + Level 2.6 Fighting
 + Level 5.6 Crossbows
 + Level 0.7 Armour
 + Level 2.9 Dodging
 + Level 2.4 Stealth


You had 2 spell levels left.
You didn't know any spells.
Your spell library was empty.

Dungeon Overview and Level Annotations

Branches:
Dungeon (2/15)

Altars:

Annotations:
D:2 Terence


Innate Abilities, Weirdness & Mutations

You are small and have problems with some larger weapons.
You are completely attuned to the shadows.


Message History

Found a stone staircase leading down.
Terence the Incautious comes into view.
He is wielding a +0 hand axe.
You shoot a bolt. The bolt hits Terence.
Terence shouts!
Terence is moderately wounded.
Terence drinks a potion.
Terence seems to speed up.
Terence closely misses you. Terence attacks as you move away!
Terence hits you with a +0 hand axe. Terence misses you. Terence misses you.
Terence barely misses you.
Terence says, "You're history."
Terence completely misses you.
You see here a hobgoblin corpse.
Terence hits you with a +0 hand axe. Terence attacks as you move away!
Terence misses you. Terence closely misses you.
You shoot a bolt. The bolt hits Terence!
Terence is almost dead.
Terence hits you with a +0 hand axe. Terence closely misses you.
You are too injured to fight recklessly!
You are too injured to fight recklessly!
You are too injured to fight recklessly!
You are too injured to fight recklessly!
Shoot: a) +1 hand crossbow
Press: ? - help, Q - select action Shift-Dir - straight line, f/p - Terence
Aim: Terence, wielding a +0 hand axe and wearing a +0 chain mail (almost dead, fast, 73% to hit)
You shoot a bolt. The bolt hits Terence.
Terence is almost dead.
Terence is no longer moving quickly.
Terence hits you with a +0 hand axe. Terence hits you with a +0 hand axe!
* * * LOW HITPOINT WARNING * * *
Shoot: a) +1 hand crossbow
Press: ? - help, Q - select action Shift-Dir - straight line, f/p - Terence
Aim: Terence, wielding a +0 hand axe and wearing a +0 chain mail (almost dead, 73% to hit)
You shoot a bolt.
The bolt hits Terence but does no damage.
Terence is almost dead.
Terence hits you with a +0 hand axe.
You die...

... #.. #.# ###..## #.#
#.##### ......#### #.#
#.#...###### # ##..#....#
#.# #.#.#.##.... #
......##.###.###...#.......
###
####.###..@@..†..#####..###
..# #.#######.#.....#....#
#.# #..... ...##....#.##.#
..# #.###########.#...##.#
### #.# #.######>. ####
#.## #.# #### ...# #..# #+#
##.# ##.# ##.### #.##


You could see Terence.

Vanquished Creatures
  3 ball pythons (D:1)
  4 endoplasms
  A giant cockroach (D:2)
  A goblin (D:1)
  7 hobgoblins
  3 kobolds (D:1)
  3 quokkas
  4 bats (D:1)
  2 frilled lizards (D:1)
  3 rats (D:1)
31 creatures vanquished.

Notes
Turn   | Place    | Note
-------+----------+-------------------------------------------
     0 | D:1      | siradein the Kobold Hunter began the quest for the Orb.
     0 | D:1      | Reached XP level 1. HP: 12/12 MP: 1/1
    32 | D:1      | Reached XP level 2. HP: 18/18 MP: 2/2
   694 | D:1      | Reached XP level 3. HP: 20/22 MP: 3/3
  1248 | D:2      | Noticed Terence
  1269 | D:2      | HP: 1/22 [Terence/+0 hand axe (8)]
  1270 | D:2      | Slain by Terence

Illustrated notes

Levels and vault maps discovered:
D:1:      minmay_arrival_plants_in_alcoves, layout_basic
D:2:      layout_loops_corners, dilly_ecumenical_altar_fadedgnrine,
          minmay_cupped, uniq_terence

Skill      XL: |  1  2 |
---------------+-------+-----
Stealth        | 2 |  2.4
Fighting       | |  2.6
Crossbows      | |  5.6
Armour         | |  0.7
Dodging        | |  2.9

Action                   || total
-------------------------++-------
 Fire: Hand crossbow     ||    68
Armor: Leather armour    ||    17
Dodge: Dodged            ||    46

Table legend: (Time is in decaauts)
 A = Elapsed time spent in this place.
 B = Non-inter-level travel time spent in this place.
 C = Inter-level travel time spent in this place.
 D = Time resting spent in this place.
 E = Time spent auto-exploring this place.
 F = Levels seen in this place.
 G = Mean time per level.
                   A        B        C        D        E       F      G
               +--------+--------+--------+--------+--------+-----+--------+
         Total |   1288 |   1269 |     19 |      0 |    967 |   2 |  644.0 |
       Dungeon |   1288 |   1269 |     19 |      0 |    967 |   2 |  644.0 |
               +--------+--------+--------+--------+--------+-----+--------+

Top non-repeatable levels by time:
     D:1: 990 daAuts
     D:2: 298 daAuts
